Map: Magannatha LE

Players

Chungus - Winner!

  • Race: Protoss Protoss
  • League: Master
  • Spawn Location: 11:00

ManlyManMeat

  • Race: Zerg Zerg
  • League: Diamond
  • Spawn Location: 5:00

VOD

Have the link to the VOD?

Description

Time

  • Played on: July 5, 2025, 6:19 a.m.
  • Length: 8:49
Show
View Real Time Build Order
Export as new Build Order

Chungus Protoss - Winner!

Build Orders:  

Get SALT Encoding   

  12  0:01  Probe  
  13  0:13  Probe  
  14  0:18  Pylon  
  14  0:25  Probe  
  15  0:36  Forge  
  15  0:39  Probe  
  16  0:50  Pylon  
  16  1:03  Probe  
  17  1:10  Gateway  
  17  1:14  Photon Cannon  
  17  1:22  Probe  
  18  1:32  Photon Cannon  
  18  1:37  Pylon  
  18  1:38  Probe  
  19  1:43  Assimilator  
  19  1:50  Probe  
  20  1:59  Zealot  
  22  2:05  Gateway  
  22  2:07  Probe  
  23  2:11  Assimilator  
  23  2:20  Pylon  
  23  2:35  Probe  
  24  2:47  Probe  
  24  2:49  Photon Cannon  
  25  2:54  Cybernetics Core  
  25  3:04  Photon Cannon  
  25  3:07  Probe  
  26  3:16  Cybernetics Core  
  26  3:19  Gateway  
  26  3:25  Stalker  
  26  3:31  Twilight Council  
  26  3:37  Shield Battery  
  26  3:38  Stalker  
  28  3:46  Warp Gate  
  30  3:50  Stalker  
  30  3:59  Stalker  
  32  4:06  Pylon  
  34  4:25  Pylon  
  32  4:44  Shield Battery, Stalker x2  
  32  4:45  Gateway  
  34  5:14  Shield Battery  
  34  5:21  Blink  
  34  5:35  Stalker x2  
  34  5:41  Pylon  
  34  5:55  Stalker  
  36  6:05  Shield Battery  
  36  6:12  Stalker x2  
  40  6:32  Stalker  
  42  6:55  Shield Battery  
  36  7:06  Stalker x3  
  38  7:16  Gateway  
  36  7:33  Stalker x2  
  40  7:41  Stalker  
  38  8:09  Stalker x3  
  44  8:21  Stalker  
  44  8:35  Stalker x3, Robotics Facility  
Show
View Real Time Build Order
Export as new Build Order

ManlyManMeat Zerg 

Build Orders: Hatch First 

Get SALT Encoding   

  12  0:00  Drone  
  13  0:09  Drone  
  14  0:15  Drone, Extractor  
  15  0:21  Overlord  
  15  0:40  Drone  
  16  0:46  Hatchery  
  15  0:50  Drone  
  15  0:54  Drone  
  17  0:58  Drone  
  18  1:09  Extractor  
  17  1:13  Spawning Pool  
  16  1:31  Drone x3  
  19  1:55  Hatchery  
  19  1:59  Queen  
  20  2:08  Roach Warren  
  20  2:12  Drone  
  20  2:16  Drone  
  20  2:20  Drone  
  22  2:49  Roach x3  
  22  2:50  Overlord  
  28  3:05  Overlord  
  28  3:07  Queen  
  28  3:11  Ravager x2  
  32  3:20  Extractor  
  32  3:22  Ravager  
  32  3:27  Overlord x2  
  32  3:35  Roach  
  34  3:58  Roach x2  
  38  4:03  Roach  
  40  4:22  Roach x2  
  44  4:43  Roach x2  
  48  4:46  Drone x3  
  51  5:08  Roach  
  51  5:09  Overlord x2  
  51  5:34  Roach x2  
  55  5:38  Roach  
  55  5:39  Evolution Chamber  
  54  5:43  Roach  
  50  5:54  Roach x4  
  50  5:56  Ravager  
  55  6:01  Ravager  
  55  6:03  Ravager x2  
  56  6:11  Roach  
  56  6:12  Roach  
  58  6:30  Roach x3  
  57  6:42  Zerg Missile Weapons Level 1  
  57  6:46  Hatchery  
  48  7:10  Roach  
  48  7:13  Roach x4  
  48  7:14  Roach  
  56  7:18  Ravager  
  56  7:19  Roach  
  56  7:32  Roach x4  
  60  7:48  Roach  
  54  7:59  Roach  
  54  8:11  Roach x2  
  46  8:27  Ravager x2  
  46  8:28  Roach  
Tags
 
Matchup
PvZ
Replay Pack
Myownreplay2
Spawn Locations
Cross Positions
Add a new tag
Caveats
  • Supply blocks, unpowered buildings, or Contaminate may cause inaccurate times.
  • Supply counts are checked every 10 seconds.